 Dungeon Crawl Stone Soup version 0.29.1-2-gbd0b4ee654 (webtiles) character file.

Game seed: 9695245501748139181

140 Descartes the Chucker (level 5, -7/25 HPs)
             Began as a Spriggan Wanderer on Nov 25, 2022.
             Killed by divine providence
             ... invoked by an orc priest
              (12 damage)
             ... on level 3 of the Dungeon.
             The game lasted 00:09:31 (5227 turns).

Descartes the Chucker (Spriggan Wanderer)           Turns: 5227, Time: 00:09:31

Health: -7/25      AC:  2    Str: 10    XL:     5   Next: 2%
Magic:  6/6        EV: 22    Int: 13    God:
Gold:   93         SH:  0    Dex: 15    Spells: 2/4 levels left

rFire   . . .      SeeInvis +   c - +0 sling
rCold   . . .      Faith    .   (no shield)
rNeg    + . .      Spirit   .   f - +0 robe
rPois   .          Reflect  .   d - +0 hat
rElec   .          Harm     .   (no cloak)
rCorr   .          Rampage  .   (gloves unavailable)
Will    .....                   (boots unavailable)
Stlth   ++........              (no amulet)
HPRegen 0.08/turn               n - ring of positive energy
MPRegen 0.10/turn               s - +4 ring of evasion

@: very quick
A: very small, no large weapons, unfitting armour, see invisible, speed 3
a: no special abilities


You were on level 3 of the Dungeon.
You visited 1 branch of the dungeon, and saw 3 of its levels.

You collected 93 gold pieces.

Inventory:

Hand Weapons
 a - a +2 dagger
 c - a +0 sling (weapon)
Missiles
 b - 4 curare-tipped darts
Armour
 d - a +0 hat (worn)
 f - a +0 robe (worn)
Magical Staves
 h - a staff of fire
 t - a staff of death
Jewellery
 n - a ring of positive energy (left hand)
 s - a +4 ring of evasion (right hand)
Scrolls
 g - 3 scrolls of identify {unknown}
 i - a scroll of magic mapping {unknown}
 j - a scroll of butterflies {unknown}
 k - 3 scrolls of vulnerability {unknown}
 l - 2 scrolls of blinking {unknown}
 m - a scroll of enchant weapon {unknown}
 o - a scroll of torment {unknown}
 r - 2 scrolls of immolation {unknown}
 u - a scroll of amnesia {unknown}
Potions
 e - 3 potions of berserk rage
 p - a potion of lignification {unknown}
 q - a potion of curing {unknown}
 v - a potion of resistance {unknown}


   Skills:
 - Level 1.0 Fighting
 + Level 2.3 Short Blades
 + Level 3.1 Ranged Weapons
 - Level 5.0 Throwing
 + Level 3.6 Dodging
 + Level 3.4 Stealth
 + Level 0.3 Hexes
 + Level 0.0 Translocations
 + Level 0.0 Transmutations
 + Level 0.0 Earth Magic


You had 2 spell levels left.
You knew the following spells:

 Your Spells              Type           Power      Damage    Failure   Level
a - Passwall              Tmut/Erth      0%         N/A       43%         2

Your spell library contained the following spells:

 Spells                   Type           Power      Damage    Failure   Level
 Sandblast                Erth           0%         2d4       30%         1
 Stone Arrow              Conj/Erth      0%         3d7       67%         3


Dungeon Overview and Level Annotations

Branches:
Dungeon (3/15)

Altars:
Dithmenos


Innate Abilities, Weirdness & Mutations

You are very small and have problems with some larger weapons.
You are too small for most types of armour.
You have supernaturally acute eyesight. (SInv)
You cover ground extremely quickly. (Speed+++)


Message History

An orc comes into view. It is wielding a +0 short sword.
You shoot a sling bullet.
The sling bullet hits the orc but does no damage.
The orc shouts!
You shoot a sling bullet. The sling bullet barely misses the orc.
You shoot a sling bullet. The sling bullet hits the orc.
The orc is lightly wounded.
You shoot a sling bullet. The sling bullet hits the orc.
The orc is moderately wounded.
The orc misses you.
You shoot a sling bullet. The sling bullet hits the orc!
You kill the orc!
No target in view!
No target in view!
Things that are here:
a +0 short sword; an orc corpse
k - 3 scrolls labelled TUUMPI JIMPAEQ (gained 1)
You shoot a sling bullet. The orc priest shouts!
The sling bullet hits the orc priest.
The orc priest is lightly wounded.
You shoot a sling bullet.
The sling bullet hits the orc priest but does no damage.
The orc priest is lightly wounded.
The orc priest mumbles some strange prayers to Beogh against you.
Beogh smites you!
You shoot a sling bullet. The sling bullet hits the orc priest.
The orc priest is moderately wounded.
You shoot a sling bullet.
The sling bullet hits the orc priest but does no damage.
The orc priest is moderately wounded.
You shoot a sling bullet.
The sling bullet closely misses the orc priest.
The orc priest mumbles some strange prayers to Beogh against you.
Beogh smites you!
* * * LOW HITPOINT WARNING * * *
You are too injured to fight recklessly!
The orc priest invokes the aid of Beogh against you.
Beogh smites you!
You die...

.#####.# ##
#.# #.
######.# #.
.....#.#
##.#######
###....#
.........#
##.....#
.#.#####o#
.......# #.
#.# ##.....#
#..##.#####o#
##...##
#.....@.....#
# #.###
#.....#####.#
# #.# #.####
#.# # #.# #.#
# #.#
########.# #
#.#
.........# #
#.#
########.# #
#.# #.# # #.#
#.#


You could see an orc priest.

Vanquished Creatures
  4 gnolls (D:2)
  2 adders (D:2)
  A dart slug (D:2)
  3 worms (D:2)
  5 orcs
  5 endoplasms
  5 giant cockroaches
  7 goblins
  3 hobgoblins (D:1)
  3 jackals (D:2)
  5 quokkas
  7 ball pythons
  3 bats (D:1)
  6 frilled lizards
  6 kobolds
  2 rats
67 creatures vanquished.

Notes
Turn   | Place    | Note
-------+----------+-------------------------------------------
     0 | D:1      | Descartes the Spriggan Wanderer began the quest for the
                  | Orb.
     0 | D:1      | Descartes set off with the following items: a +2 dagger, 4
                  | curare-tipped darts, a +0 sling, a +0 hat, a potion of
                  | berserk rage, a +0 robe.
     0 | D:1      | Reached XP level 1. HP: 10/10 MP: 2/2
   369 | D:1      | Reached skill level 1 in Stealth
   388 | D:1      | Reached XP level 2. HP: 5/14 MP: 3/3
   787 | D:1      | Reached skill level 1 in Short Blades
  1172 | D:1      | Reached XP level 3. HP: 18/18 MP: 4/4
  1348 | D:1      | Found a faded altar of an unknown god.
  1503 | D:2      | Reached XP level 4. HP: 22/22 MP: 5/5
  1607 | D:2      | HP: 1/22 [worm (11)]
  4591 | D:3      | Learned a level 2 spell: Passwall
  4619 | D:3      | Found a shadowy altar of Dithmenos.
  5019 | D:2      | Reached XP level 5. HP: 25/25 MP: 6/6
  5227 | D:3      | Killed from afar by an orc priest

Illustrated notes

Levels and vault maps discovered:
D:1:      co_arrival_random_square_maze, layout_basic,
          hellmonk_ecumenical_altar_leap_of_faith
D:2:      layout_basic, minmay_split_cup_large
D:3:      layout_loops_ring, grunt_dithmenos_smoke, minivault_14,
          eino_tiny_chamber

Skill      XL: |  1  2  3  4 |
---------------+-------------+-----
Stealth        | 1 2 3 |  3.4
Short Blades   | 1 2 |  2.3
Dodging        | 3 |  3.6
Ranged Weapons | 3 |  3.1
Fighting       | |  1.0
Throwing       | |  5.0
Hexes          | |  0.3

Action                   |  1- 3 |  4- 6 || total
-------------------------+-------+-------++-------
Melee: Dagger            |     9 |       ||     9
 Fire: Sling             |    83 |   251 ||   334
 Stab: Sleeping          |     1 |       ||     1
Armor: Robe              |       |     8 ||     8
Dodge: Dodged            |    33 |    84 ||   117
